Map: Miner Evacuation

Players

Chacal

  • Race: Protoss Protoss
  • Spawn Location: 7:00

Ratl

  • Race: Protoss Protoss
  • League: Silver
  • Spawn Location: 7:00

VOD

Have the link to the VOD?

Description

Time

  • Played on: Jan. 12, 2020, 5:22 p.m.
  • Length: 26:58
Show
View Real Time Build Order
Export as new Build Order

Chacal Protoss 

Build Orders:  

Get SALT Encoding   

  12  0:01  Probe (Chrono Boost)  
  13  0:13  Probe (Chrono Boost)  
  14  0:34  Probe (Chrono Boost)  
  14  0:37  Pylon  
  15  1:00  Probe (Chrono Boost)  
  16  1:11  Gateway  
  16  1:28  Pylon  
  16  1:30  Probe (Chrono Boost)  
  17  1:42  Probe (Chrono Boost)  
  18  2:04  Pylon  
  18  2:08  Probe (Chrono Boost)  
  18  2:17  Assimilator  
  19  2:20  Probe (Chrono Boost)  
  19  2:25  Assimilator  
  20  2:32  Probe (Chrono Boost)  
  21  2:44  Probe (Chrono Boost)  
  21  2:49  Sentinel  
  22  2:56  Probe (Chrono Boost)  
  22  2:59  Forge  
  25  3:08  Probe (Chrono Boost)  
  26  3:20  Probe (Chrono Boost)  
  26  3:22  Sentinel  
  29  3:32  Probe (Chrono Boost)  
  30  3:44  Probe (Chrono Boost)  
  31  4:00  Photon Cannon  
  29  4:27  Photon Cannon  
  29  4:31  Protoss Ground Weapons Level 1  
  29  4:37  Photon Cannon  
  29  4:44  Sentinel  
  31  4:51  Gateway  
  31  5:03  Shield Battery  
  31  5:21  Sentinel  
  31  5:25  Gateway  
  33  5:40  Pylon  
  33  5:51  Pylon  
  33  5:54  Sentinel  
  33  5:57  Pylon  
  33  5:58  Probe (Chrono Boost)  
  34  6:10  Probe (Chrono Boost)  
  33  6:22  Probe (Chrono Boost)  
  33  6:27  Sentinel  
  34  6:31  Photon Cannon  
  34  6:35  Probe (Chrono Boost)  
  35  6:47  Probe (Chrono Boost)  
  36  6:51  Photon Cannon  
  34  7:04  Photon Cannon  
  34  7:21  Sentinel  
  36  7:33  Probe (Chrono Boost)  
  37  7:45  Probe (Chrono Boost)  
  38  7:54  Sentinel  
  38  7:57  Probe (Chrono Boost)  
  41  8:15  Sentinel  
  41  8:19  Cybernetics Core  
  41  8:24  Probe (Chrono Boost)  
  41  8:27  Sentinel  
  44  8:36  Probe (Chrono Boost)  
  47  8:48  Probe (Chrono Boost), Sentinel  
  50  9:00  Probe (Chrono Boost), Sentinel  
  53  9:21  Sentinel  
  55  9:33  Energizer  
  57  10:05  Energizer  
  57  10:16  Pylon  
  59  10:21  Pylon  
  59  10:23  Pylon  
  59  10:37  Energizer  
  61  11:09  Energizer  
  63  11:41  Sentinel  
  65  12:14  Energizer  
  65  12:46  Energizer  
  67  13:18  Sentinel  
  69  13:52  Energizer  
  69  13:53  Sentinel  
  73  14:24  Energizer  
  73  14:26  Sentinel  
  77  14:56  Energizer  
  77  14:59  Sentinel  
  67  15:32  Sentinel  
  69  15:59  Probe (Chrono Boost), Pylon  
  69  16:05  Sentinel  
  70  16:11  Probe (Chrono Boost)  
  73  16:23  Probe (Chrono Boost)  
  74  16:35  Probe (Chrono Boost)  
  75  16:47  Probe (Chrono Boost)  
  76  17:13  Energizer  
  76  17:17  Sentinel  
  76  17:23  Sentinel  
  80  17:45  Energizer  
  80  17:48  Pylon  
  80  17:50  Sentinel  
  80  17:54  Pylon  
  80  17:56  Sentinel  
  80  17:58  Pylon  
  80  17:59  Pylon  
  82  18:05  Pylon  
  82  18:17  Energizer  
  82  18:23  Sentinel  
  82  18:29  Sentinel  
  84  18:49  Energizer  
  84  18:56  Sentinel  
  86  19:02  Sentinel  
  90  19:21  Sentinel  
  90  19:29  Sentinel  
  92  19:35  Sentinel  
  92  19:37  Protoss Air Armor Level 1  
  96  19:54  Energizer  
  98  20:02  Sentinel  
  98  20:08  Energizer  
  102  20:26  Sentinel  
  102  20:35  Energizer  
  102  20:40  Sentinel  
  102  20:59  Sentinel  
  102  21:07  Energizer  
  104  21:13  Sentinel  
  108  21:32  Sentinel  
  110  21:40  Energizer  
  110  21:46  Sentinel  
  112  21:56  Protoss Air Weapons Level 1  
  114  22:05  Sentinel  
  114  22:19  Sentinel x2  
  120  22:39  Energizer  
  122  22:52  Sentinel x2  
  126  23:11  Energizer  
  126  23:25  Sentinel x2  
  128  23:43  Energizer  
  130  23:58  Sentinel x2  
  134  24:52  Pylon x2  
  134  25:01  Pylon x2  
  134  25:04  Sentinel  
  134  25:07  Pylon  
  134  25:10  Pylon  
  134  25:12  Energizer, Pylon  
  136  25:20  Pylon  
  136  25:23  Pylon x2  
  136  25:27  Pylon  
  132  25:44  Energizer  
Show
View Real Time Build Order
Export as new Build Order

Ratl Protoss 

Build Orders:  

Get SALT Encoding   

  12  0:01  Probe (Chrono Boost)  
  13  0:13  Probe (Chrono Boost)  
  14  0:29  Probe (Chrono Boost)  
  14  0:33  Pylon  
  15  0:56  Probe (Chrono Boost)  
  16  1:08  Probe (Chrono Boost)  
  16  1:17  Gateway  
  17  1:20  Probe (Chrono Boost)  
  18  1:32  Probe (Chrono Boost)  
  19  1:42  Gateway  
  19  1:44  Probe (Chrono Boost)  
  20  1:55  Assimilator  
  20  1:56  Probe (Chrono Boost)  
  20  1:59  Assimilator  
  21  2:06  Pylon  
  21  2:08  Probe (Chrono Boost)  
  22  2:20  Probe (Chrono Boost)  
  22  2:21  Pylon  
  23  2:32  Probe (Chrono Boost)  
  24  2:43  Cybernetics Core  
  24  2:44  Probe (Chrono Boost)  
  25  2:57  Probe (Chrono Boost)  
  26  3:09  Probe (Chrono Boost)  
  26  3:10  Zealot  
  26  3:13  Zealot  
  31  3:21  Probe (Chrono Boost)  
  32  3:51  Robotics Facility  
  32  4:00  Dragoon x2  
  36  4:46  Gateway  
  36  4:47  Gateway  
  36  4:54  Dragoon  
  36  4:58  Forge x2  
  38  5:23  Pylon  
  38  5:26  Pylon  
  36  5:31  Pylon  
  36  5:32  Dragoon  
  36  5:53  Dragoon  
  36  5:54  Dragoon  
  40  6:06  Dragoon  
  42  6:19  Protoss Ground Weapons Level 1  
  42  6:23  Protoss Ground Armor Level 1  
  42  6:29  Dragoon x2  
  44  6:51  Zealot  
  44  6:52  Zealot  
  48  7:16  Dragoon  
  48  7:17  Dragoon  
  52  7:36  Dragoon x2  
  56  7:54  Probe (Chrono Boost)  
  56  7:59  Dragoon  
  59  8:08  Probe (Chrono Boost)  
  60  9:13  Dragoon  
  62  9:35  Pylon x2  
  62  9:36  Pylon  
  62  9:42  Pylon x2  
  62  9:43  Pylon  
  62  9:47  Pylon  
  62  10:07  Dragoon  
  62  10:08  Dragoon x3  
  68  10:44  Gateway  
  68  10:48  Gateway  
  68  10:50  Gateway  
  68  10:56  Gateway  
  68  11:33  Dragoon  
  68  11:34  Dragoon x3  
  76  11:55  Dragoon  
  78  12:05  Twilight Council  
  79  12:10  Probe (Chrono Boost)  
  79  12:25  Probe (Chrono Boost)  
  80  12:35  Dragoon x4  
  80  13:32  Dragoon x2  
  80  13:37  Zealot x4  
  80  13:38  Zealot x2  
  96  14:10  Dragoon x2  
  94  15:07  Dragoon x2  
  98  15:16  Zealot  
  98  15:17  Zealot x5  
  106  15:41  Dragoon  
  106  15:49  Probe (Chrono Boost)  
  109  15:56  Zealot x2  
  113  16:03  Probe (Chrono Boost)  
  114  16:18  Probe (Chrono Boost)  
  115  16:22  Dragoon x2  
  119  16:33  Probe (Chrono Boost)  
  116  16:48  Probe (Chrono Boost)  
  117  17:00  Dragoon  
  119  17:10  Probe (Chrono Boost)  
  116  17:25  Probe (Chrono Boost), Pylon  
  116  17:29  Dragoon  
  117  17:34  Pylon  
  117  17:37  Pylon  
  117  17:39  Pylon  
  113  17:41  Pylon  
  103  17:53  Zealot x3  
  109  18:55  Probe (Chrono Boost)  
  110  19:01  Nexus  
  110  19:07  Dragoon  
  112  19:10  Probe (Chrono Boost), Assimilator  
  112  19:12  Assimilator  
  113  19:25  Probe (Chrono Boost)  
  114  19:39  Probe (Chrono Boost)  
  115  19:44  Dragoon x2  
  115  19:46  Zealot  
  121  19:54  Probe (Chrono Boost)  
  122  20:09  Probe (Chrono Boost)  
  123  20:24  Probe (Chrono Boost)  
  104  21:04  Dragoon x4  
  104  21:05  Dragoon x2  
  116  21:58  Probe (Chrono Boost)  
  117  22:10  Pylon  
  117  22:12  Pylon  
  117  22:13  Probe (Chrono Boost), Pylon x2  
  117  22:14  Dragoon x3  
  117  22:16  Pylon, Zealot x2  
  128  22:42  Zealot  
  128  22:43  Zealot x5  
  140  23:11  Zealot  
  140  23:12  Zealot x5  
  152  23:36  Protoss Shields Level 1  
  152  23:49  Dragoon x3  
  158  23:50  Dragoon x4  
  166  24:06  Dragoon  
  168  24:37  Zealot x2  
  168  24:38  Zealot x4  
  180  24:59  Dragoon x2  
  174  25:15  Immortal  
  174  25:27  Zealot  
  174  25:28  Zealot x3  
  186  25:38  Dragoon  
  186  25:39  Dragoon  
  178  26:02  Dragoon x2  
  178  26:45  Dragoon  
  178  26:47  Dragoon  
  178  26:48  Dragoon x3  
Tags
 
Add a new tag
Caveats
  • Supply blocks, unpowered buildings, or Contaminate may cause inaccurate times.
  • Supply counts are checked every 10 seconds.